 Dungeon Crawl Stone Soup version 0.24-a0-183-g8902462 (webtiles) character file.

Game seed: 9906425461110291704

135639 emperorscorpion the Brawler (level 16, -11/122 HPs)
             Began as a Green Draconian Transmuter on Mar 14, 2019.
             Was the Champion of Cheibriados.
             Mangled by an alligator snapping turtle (41 damage)
             ... on level 3 of the Shoals on Mar 15, 2019.
             The game lasted 01:34:41 (33875 turns).

emperorscorpion the Brawler (DrTm)                 Turns: 33875, Time: 01:34:42

Health: -11/122    AC: 16    Str: 28    XL:     16   Next: 64%
Magic:  21/30      EV: 23    Int: 35    God:    Cheibriados [******]
Gold:   1269       SH: 16    Dex: 33    Spells: 11/35 levels left

rFire    . . .     SeeInvis .     - Unarmed
rCold    + + +     Gourm    .   n - +2 shield {rC+}
rNeg     . . .     Faith    +   (armour unavailable)
rPois    +         Spirit   .   C - +2 hat
rElec    .         Reflect  .   U - +2 cloak {+Inv}
rCorr    .         Harm     .   (no gloves)
MR       +....                  G - +1 pair of boots {Stlth+}
Stlth    +++++.....             r - amulet of faith
HPRegen  0.30/turn              u - +6 ring of dexterity
MPRegen  0.22/turn              A - ring of protection from cold

@: very slightly contaminated, very slow
A: breathe noxious fumes, unfitting armour, horns 1, stinger 1, cold resistance
1, poison resistance, cold-blooded, AC +9
a: Breathe Noxious Fumes, Bend Time, Temporal Distortion, Slouch, Step From
Time, Renounce Religion, Evoke Invisibility


You were on level 3 of the Shoals.
You worshipped Cheibriados.
Cheibriados was exalted by your worship.
You were near starving.

You visited 5 branches of the dungeon, and saw 26 of its levels.
You also visited: Bailey and Ice Cave.

You collected 2465 gold pieces.
You spent 1196 gold pieces at shops.

Inventory:

Hand Weapons
 R - the +5 battleaxe of Dullness {chop, rElec Dex+3}
   (You found it in an ice cave)

   It inflicts extra damage upon your enemies.
   It affects your dexterity (+3).
   It insulates you from electricity.
 W - a +6 blowgun
Missiles
 a - 456 arrows
 w - 14 tomahawks (quivered)
 B - 5 throwing nets
 V - 10 curare-tipped needles
Armour
 n - a +2 shield of cold resistance (worn)
 C - a +2 hat (worn)
 G - a +1 pair of boots of stealth (worn)
 U - a +2 cloak of invisibility (worn)
Magical Staves
 S - an uncursed staff of wizardry
Jewellery
 b - an uncursed ring of flight
 f - an uncursed ring of see invisible
 i - an uncursed ring of protection from fire
 j - an uncursed ring of stealth
 q - an uncursed ring of protection from magic
 r - an amulet of faith (around neck)
 u - a +6 ring of dexterity (left hand)
 A - a ring of protection from cold (right hand)
 I - an uncursed amulet of harm {unknown}
 T - an uncursed ring of magical power
 Z - a cursed amulet of guardian spirit {unknown}
Wands
 h - a wand of flame (18)
 t - a wand of paralysis (6)
 K - a wand of digging (32)
 M - a wand of enslavement (4)
 O - a wand of iceblast (21)
 X - a wand of disintegration (12)
Scrolls
 e - 10 scrolls of teleportation
 g - 20 scrolls of remove curse
 k - 4 scrolls of amnesia
 y - a scroll of magic mapping
 E - 2 scrolls of blinking
 H - 11 scrolls of identify
 Q - 2 scrolls of immolation
 Y - a scroll of brand weapon
Potions
 d - 3 potions of flight
 l - a potion of magic
 m - 3 potions of agility
 o - 6 potions of curing
 v - 2 potions of might
 z - 4 potions of brilliance
 D - 5 potions of resistance
 F - 2 potions of cancellation
 J - 4 potions of berserk rage
 L - a potion of invisibility
 N - 2 potions of lignification
 P - 4 potions of heal wounds
Miscellaneous
 p - a lamp of fire (inert)
 s - a phial of floods
 x - a sack of spiders
Comestibles
 c - 49 rations


   Skills:
 + Level 6.1 Fighting
 + Level 3.7 Throwing
 + Level 9.8 Dodging
 - Level 3.6 Stealth
 + Level 8.7 Shields
 + Level 17.3 Unarmed Combat
 + Level 10.2 Spellcasting
 - Level 1.1 Conjurations
 + Level 0.3 Charms
 + Level 0.5 Necromancy
 + Level 10.4 Transmutations
 + Level 6.6 Ice Magic
 - Level 1.7 Air Magic
 + Level 2.5 Earth Magic
 - Level 4.6 Poison Magic
 + Level 4.2 Invocations
 * Level 6.3 Evocations


You had 11 spell levels left.
You knew the following spells:

 Your Spells              Type           Power        Failure   Level  Hunger
a - Sticks to Snakes      Tmut           ######..     1%          2    None
b - Spider Form           Tmut/Pois      ######....   1%          3    None
c - Ice Form              Ice/Tmut       ######..     1%          4    None
d - Petrify               Tmut/Erth      ######..     3%          4    None
e - Mephitic Cloud        Conj/Pois/Air  #####...     5%          3    None
f - Yara's Violent Unrav  Hex/Tmut       ######....   17%         5    ##.....
r - Regeneration          Chrm/Necr      ###.......   13%         3    None

Your spell library contained the following spells:

 Spells                   Type           Power        Failure   Level  Hunger
 Beastly Appendage        Tmut           ######       1%          1    None
 Blade Hands              Tmut           ######....   1%          5    ##.....
 Poisonous Vapours        Pois/Air       #####.       2%          2    None
 Ozocubu's Armour         Chrm/Ice       #####...     3%          3    None
 Infusion                 Chrm           ###.         4%          1    None
 Apportation              Tloc           ###...       5%          1    None
 Confusing Touch          Hex            ###...       5%          1    None
 Swiftness                Chrm/Air       ####....     5%          2    None
 Song of Slaying          Chrm           ###.....     7%          2    None
 Shroud of Golubria       Chrm/Tloc      ###.......   8%          2    None
 Conjure Flame            Conj/Fire      ###.....     13%         3    None
 Confuse                  Hex            ###.....     16%         3    None
 Gell's Gravitas          Tloc           ###.......   16%         3    None
 Recall                   Summ/Tloc      N/A          16%         3    None
 Spectral Weapon          Hex/Chrm       ###.....     16%         3    None
 Metabolic Englaciation   Hex/Ice        #####.....   36%         5    ##.....
 Ozocubu's Refrigeration  Ice            ######....   45%         6    ####...
 Summon Forest            Summ/Tloc      ###.......   83%         5    ##.....
 Bolt of Cold             Conj/Ice       #####.....   86%         6    ####...
 Simulacrum               Ice/Necr       #####.....   88%         6    ####...
 Freezing Cloud           Conj/Ice/Air   #####.....   91%         6    ####...
 Ring of Flames           Chrm/Fire      ###.......   100%        7    ######.


Dungeon Overview and Level Annotations

Branches:
Dungeon (13/15)            Temple (0/1) D:5            Lair (6/6) D:10
 Shoals (3/4) Lair:2        Snake (2/4) Lair:4        Slime (0/5) Lair:6
    Orc (2/2) D:11            Elf (0/3) Orc:2
 Vaults: D:13-14

Altars:
Ashenzari
Cheibriados
Hepliaklqana
Ru
Sif Muna
Trog
Uskayaw
Vehumet
Wu Jian
Yredelemnul
Zin
The Shining One
Beogh

Shops:
D:6 *   D:10 *   Orc:2 [[?(   Shoals:2 !   Shoals:3 !

Annotations:
D:4 Sigmund
D:13 1 runed translucent door, p0werm0de's ghost, journeyman GnIE
Lair:2 exclusion: 2 oklob plants
Lair:4 3 runed translucent doors, Vuydghur's ghost, adept DrCj
Snake:2 Agnes; Aizul


Innate Abilities, Weirdness & Mutations

You can breathe blasts of noxious fumes.
Your lurid green scales are hard. (AC +9)
You cannot fit into any form of body armour.
Your tail ends in a poisonous barb.
Your system is resistant to poisons. (rPois)
You are cold-blooded and may be slowed by cold attacks.
You have a pair of small horns on your head.
Your flesh is cold resistant. (rC+)


Message History

You headbutt the alligator snapping turtle, but do no damage.
The alligator snapping turtle is severely wounded.
You punch the alligator snapping turtle!
The alligator snapping turtle is severely wounded.
You block the alligator snapping turtle's attack.
You punch the alligator snapping turtle!
You headbutt the alligator snapping turtle, but do no damage.
You tail-slap the alligator snapping turtle!
The alligator snapping turtle is poisoned.
The alligator snapping turtle is almost dead.
You hit the alligator snapping turtle.
You headbutt the alligator snapping turtle.
You tail-slap the alligator snapping turtle, but do no damage.
The alligator snapping turtle is almost dead.
You block the alligator snapping turtle's attack.
You hit the alligator snapping turtle.
You headbutt the alligator snapping turtle, but do no damage.
The alligator snapping turtle is almost dead.
The alligator snapping turtle bites you!!!
You die...

....#..........≈≈≈≈≈≈≈≈≈≈≈≈≈≈≈
≈...#.....≈≈≈≈≈≈≈≈≈≈≈≈≈≈≈≈≈≈≈≈
)≈......≈≈≈≈≈≈≈≈≈≈≈≈≈≈≈≈≈≈≈≈≈≈
≈≈≈..(..≈≈≈≈≈≈≈≈≈≈≈≈≈≈≈≈≈≈≈≈≈≈
≈≈≈≈...≈≈≈≈≈≈≈≈≈≈≈≈≈≈≈≈≈≈≈≈≈≈≈
≈≈≈≈≈≈≈≈≈≈≈≈≈≈≈≈≈≈≈≈≈≈≈≈≈≈≈≈≈≈
≈≈≈≈≈≈≈≈≈≈≈≈≈≈≈≈≈≈≈≈≈)≈≈≈≈≈≈≈≈
≈≈≈≈≈≈≈≈≈≈≈≈≈≈≈≈≈≈≈≈≈≈≈≈.≈≈≈≈≈
≈≈≈≈≈≈≈≈≈≈≈))≈).@t≈≈.....≈≈?..
≈≈≈≈≈≈≈≈≈≈≈)≈.##.☼°...○≈......
≈≈≈≈≈≈≈≈≈≈≈≈≈.###..°○≈§.##..≈.
≈≈≈≈≈≈≈≈≈≈≈≈..# #...≈≈≈##..≈≈.
≈≈≈≈≈≈≈≈≈≈≈≈..# #.<≈≈≈≈... t≈≈
≈≈≈≈≈≈≈≈≈≈≈......≈≈≈≈≈≈...≈ ≈≈
≈≈≈ ≈≈≈≈≈≈≈≈....≈≈≈≈≈≈≈≈.≈≈
≈≈≈ ≈≈≈≈≈≈≈≈.≈≈≈≈≈≈≈≈≈≈≈.≈ ≈≈≈
≈≈≈≈≈≈≈≈≈≈≈≈≈≈≈≈≈≈≈≈..


You could see an alligator snapping turtle.

Vanquished Creatures
  Rupert (Snake:1)
  Kirke (Shoals:1)
  An orc warlord (Bailey)
  Nessos (Lair:5)
  6 merfolk impalers
  A naga warrior (Snake:1)
  A catoblepas (Lair:6)
  2 anacondas (Snake:1)
  A merfolk aquamancer (Shoals:3)
  2 merfolk avatars
  An alligator snapping turtle (Shoals:1)
  5 hydras
  A centaur warrior (D:10)
  2 satyrs
  4 two-headed ogres
  A deep troll shaman (Lair:6)
  4 death yaks (Lair:6)
  An orc high priest (Orc:1)
  A shock serpent (Snake:1)
  A naga sharpshooter (Snake:1)
  Sonja (Lair:3)
  A naga ritualist (Snake:1)
  2 unseen horrors
  13 sea snakes
  3 orc knights
  A necromancer (IceCv)
  4 manticores
  A mana viper (Snake:1)
  9 orc sorcerers
  A deep elf mage (D:10)
  An ugly thing (D:12)
  4 fauns (Shoals:2)
  3 cyclopes
  2 salamanders
  3 merfolk sirens
  13 black mambas
  Psyche (D:9)
  13 elephants
  A water nymph (Shoals:1)
  3 naga magi (Snake:1)
  2 gargoyles
  3 ice statues (IceCv)
  3 spiny frogs
  4 komodo dragons
  An efreet (D:10)
  5 rime drakes
  7 ice devils (IceCv)
  8 trolls
  A tengu conjurer (D:10)
  20 merfolk
  A queen bee (Lair:1)
  Grinder (D:6)
  3 wind drakes
  6 polar bears
  16 blink frogs
  6 slime creatures
  19 hippogriffs
  4 snapping turtles
  11 dream sheep
  2 shadows (D:12)
  2 wraiths (D:11)
  7 water elementals
  A human (D:12)
  54 yaks
  A basilisk (Lair:5)
  A hungry ghost (D:9)
  A wyvern (D:12)
  A steam dragon (Lair:3)
  4 hogs
  10 nagas
  7 wargs
  Edmund (D:6)
  12 water moccasins
  2 hell hounds (Lair:4)
  A hornet zombie (D:11)
  4 porcupines
  25 orc warriors
  5 black bears
  3 ice beasts
  7 sky beasts
  7 ogres
  An eye of draining (D:12)
  2 necrophages (D:11)
  5 phantoms
  25 wolves
  17 centaurs
  9 crocodiles
  4 big kobolds
  13 bullfrogs
  A wyvern skeleton (D:10)
  5 scorpions
  29 killer bees
  An electric eel (D:13)
  5 howler monkeys
  7 crimson imps
  3 centaur zombies
  3 draconian simulacra (IceCv)
  5 jellies
  39 orc wizards
  16 orc priests
  2 centaur skeletons
  3 hounds
  2 bullfrog skeletons
  4 iguanas
  4 troll simulacra (IceCv)
  7 worker ants
  A centaur simulacrum (IceCv)
  3 hound zombies
  2 hound skeletons
  2 worker ant zombies
  A howler monkey zombie (D:6)
  Robin (D:3)
  16 gnolls
  2 naga simulacra (IceCv)
  13 adders
  6 shadow imps
  2 oozes
  An adder zombie (D:5)
  3 worms
  A dart slug (D:1)
  4 leopard geckos
  92 orcs
  7 giant cockroaches
  33 goblins
  15 hobgoblins
  7 jackals
  21 kobolds
  6 quokkas
  A ball python (D:2)
  4 bats
  5 frilled lizards
  A quokka skeleton (D:7)
  7 rats
  A plant (D:10)
867 creatures vanquished.

Vanquished Creatures (collateral kills)
  An orc knight (Orc:2)
  2 orc sorcerers (Orc:2)
  2 manticores
  A snapping turtle (Shoals:2)
  A warg (Orc:2)
  An orc warrior (Orc:2)
  4 orc wizards (Orc:2)
  9 orcs (Orc:2)
21 creatures vanquished.

Vanquished Creatures (others)
  A wizard (D:4)
  12 fungi
  18 plants
31 creatures vanquished.

Grand Total: 919 creatures vanquished

Notes
Turn   | Place    | Note
-------+----------+-------------------------------------------
     0 | D:1      | emperorscorpion the Draconian Transmuter began the quest
                  | for the Orb.
     0 | D:1      | Reached XP level 1. HP: 16/16 MP: 3/3
   350 | D:1      | Reached XP level 2. HP: 20/23 MP: 3/5
  1354 | D:2      | Found a sacrificial altar of Ru.
  1415 | D:2      | Found a hide-covered altar of Uskayaw.
  1454 | D:2      | Reached XP level 3. HP: 28/28 MP: 6/6
  1459 | D:2      | Learned a level 3 spell: Spider Form
  1528 | D:2      | Found a shattered altar of Ashenzari.
  1648 | D:2      | Found an ornate altar of the Wu Jian Council.
  1655 | D:2      | Reached skill level 1 in Stealth
  1933 | D:2      | Reached XP level 4. HP: 34/35 MP: 7/7
  1973 | D:2      | Reached skill level 4 in Unarmed Combat
  2595 | D:3      | Noticed Robin
  2705 | D:3      | Killed Robin
  3066 | D:3      | Reached XP level 5. HP: 40/40 MP: 4/8
  3274 | D:3      | Found a hazy altar of Hepliaklqana.
  3274 | D:3      | Found a snail-covered altar of Cheibriados.
  3279 | D:3      | Found a deep blue altar of Sif Muna.
  3284 | D:3      | Became a worshipper of Cheibriados the Contemplative
  3287 | D:3      | Found a basalt altar of Yredelemnul.
  3289 | D:3      | Found a faded altar of an unknown god.
  3424 | D:4      | Learned a level 4 spell: Ice Form
  3430 | D:4      | Noticed a phantom
  3440 | D:4      | Noticed Sigmund
  3634 | D:4      | Found a radiant altar of Vehumet.
  4081 | D:4      | Killed a phantom
  4081 | D:4      | Reached skill level 5 in Unarmed Combat
  4081 | D:4      | Reached skill level 1 in Poison Magic
  4081 | D:4      | Reached XP level 6. HP: 13/47 MP: 10/10
  4443 | D:4      | Found a bloodstained altar of Trog.
  4444 | D:4      | Noticed a wizard
  4449 | D:4      | Killed a wizard
  4531 | D:5      | Entered Level 5 of the Dungeon
  4692 | D:5      | Your scales start taking on a lurid green colour.
  4692 | D:5      | Reached XP level 7. HP: 37/53 MP: 8/11
  4692 | D:5      | Gained mutation: Your system is resistant to poisons.
                  | (rPois) [Green Draconian growth]
  4704 | D:5      | Reached skill level 6 in Unarmed Combat
  4811 | D:5      | Found a staircase to the Ecumenical Temple.
  4830 | D:5      | Reached * piety under Cheibriados
  5285 | D:5      | Reached skill level 7 in Unarmed Combat
  5725 | D:6      | Reached XP level 8. HP: 60/61 MP: 13/13
  5767 | D:6      | Noticed Edmund
  5778 | D:6      | Killed Edmund
  5847 | D:6      | Reached skill level 8 in Unarmed Combat
  5884 | D:6      | Noticed Grinder
  5896 | D:6      | Killed Grinder
  5921 | D:6      | Reached ** piety under Cheibriados
  5958 | D:6      | Reached skill level 9 in Unarmed Combat
  6219 | D:6      | Found Reun's Elemental Accessories.
  6569 | D:6      | Reached XP level 9. HP: 66/68 MP: 11/14
  7345 | D:6      | Reached *** piety under Cheibriados
  7636 | D:7      | Reached skill level 10 in Unarmed Combat
  7968 | D:8      | Found a flagged portal.
  7981 | Bailey   | Entered a bailey
  7986 | Bailey   | Learned a level 2 spell: Sticks to Snakes
  7991 | Bailey   | Learned a level 4 spell: Petrify
  8269 | Bailey   | Reached **** piety under Cheibriados
  8433 | Bailey   | Noticed an orc knight
  8451 | Bailey   | Killed an orc knight
  8451 | Bailey   | Reached skill level 5 in Dodging
  8451 | Bailey   | Reached skill level 11 in Unarmed Combat
  8479 | Bailey   | Noticed an orc warlord
  8481 | Bailey   | Noticed an orc knight
  8575 | Bailey   | Killed an orc knight
  8575 | Bailey   | Reached skill level 1 in Ice Magic
  8576 | Bailey   | Reached ***** piety under Cheibriados
  8704 | Bailey   | Killed an orc warlord
  8704 | Bailey   | Reached skill level 5 in Spellcasting
  8704 | Bailey   | Reached skill level 1 in Evocations
  8704 | Bailey   | Reached XP level 10. HP: 18/77 MP: 10/17
  9400 | D:8      | Reached skill level 5 in Transmutations
  9552 | D:8      | Found a glowing silver altar of Zin.
 10577 | D:9      | Reached ****** piety under Cheibriados
 10604 | D:9      | Noticed Psyche
 10618 | D:9      | Killed Psyche
 10618 | D:9      | Reached skill level 12 in Unarmed Combat
 10691 | D:9      | Reached XP level 11. HP: 82/82 MP: 15/20
 10908 | D:9      | Found a glowing golden altar of the Shining One.
 11032 | D:10     | Entered Level 10 of the Dungeon
 11302 | D:10     | Found a sacrificial altar of Ru.
 11304 | D:10     | Noticed an orc sorcerer
 11317 | D:10     | Killed an orc sorcerer
 11327 | D:10     | Noticed an orc sorcerer
 11329 | D:10     | Noticed a sun demon
 11336 | D:10     | Killed an orc sorcerer
 11540 | D:10     | Found a staircase to the Lair.
 11651 | D:10     | Found Qiojun's General Store.
 11805 | D:10     | Bought a wand of iceblast (9) for 182 gold pieces
 11805 | D:10     | Bought a scroll of blinking for 105 gold pieces
 11805 | D:10     | Bought a wand of iceblast (9) for 182 gold pieces
 11805 | D:10     | Bought 2 potions of brilliance for 112 gold pieces
 11810 | D:10     | Gained mutation: You are agile. (Dex +2) [potion of
                  | mutation]
 11810 | D:10     | Gained mutation: You evolve. [potion of mutation]
 11811 | D:10     | Reached skill level 1 in Throwing
 11811 | D:10     | Reached skill level 1 in Shields
 11811 | D:10     | Reached skill level 5 in Ice Magic
 11811 | D:10     | Reached skill level 1 in Earth Magic
 11811 | D:10     | Reached XP level 12. HP: 91/91 MP: 21/23
 11910 | D:10     | Gained mutation: You have a pair of small horns on your
                  | head. [evolution]
 12098 | D:10     | Noticed a two-headed ogre
 12103 | D:10     | Killed a two-headed ogre
 12205 | D:10     | Noticed a centaur warrior
 12212 | D:10     | Reached XP level 13. HP: 25/99 MP: 21/25
 12242 | D:10     | Identified the Volume of the Compass and Good Luck
 12259 | D:10     | Reached skill level 13 in Unarmed Combat
 12547 | D:10     | Identified the cursed -2 cloak of the Pure Moons {Str+4
                  | Int-3 Dex+3} (You found it on level 10 of the Dungeon)
 13587 | D:11     | Found a staircase to the Orcish Mines.
 13684 | D:11     | Found a sacrificial altar of Ru.
 14680 | D:11     | Gained mutation: You are occasionally teleported next to
                  | monsters. [evolution]
 14680 | D:11     | Lost mutation: You evolve. [end of evolution]
 15451 | D:12     | Reached skill level 5 in Fighting
 15618 | D:12     | Lost mutation: You have a pair of small horns on your head.
                  | [potion of mutation]
 15618 | D:12     | Lost mutation: You are occasionally teleported next to
                  | monsters. [potion of mutation]
 15618 | D:12     | Lost mutation: You are agile. (Dex +2) [potion of mutation]
 15618 | D:12     | Gained mutation: You have a pair of small horns on your
                  | head. [potion of mutation]
 15618 | D:12     | Gained mutation: Your flesh is cold resistant. (rC+)
                  | [potion of mutation]
 15948 | D:12     | Gained mutation: Your tail ends in a poisonous barb. [Green
                  | Draconian growth]
 15948 | D:12     | Reached XP level 14. HP: 92/107 MP: 23/26
 16055 | D:12     | Reached skill level 14 in Unarmed Combat
 17140 | D:13     | Found a runed translucent door.
 17142 | D:13     | Noticed p0werm0de's ghost (journeyman GnIE)
 17142 | D:13     | Identified the +8 trident of Valour {vamp, rElec rF- Dex+4}
 17628 | Orc:1    | Entered Level 1 of the Orcish Mines
 17861 | Orc:1    | Found a frozen archway.
 17867 | IceCv    | Entered an ice cave
 18738 | IceCv    | Identified the +5 battleaxe of Dullness {chop, rElec Dex+3}
                  | (You found it in an ice cave)
 19081 | Orc:1    | Found a roughly hewn altar of Beogh.
 19251 | Orc:2    | Entered Level 2 of the Orcish Mines
 19647 | Orc:2    | Found Wupp's Antique Armour Boutique.
 19796 | Orc:2    | Found Heuh's Armour Shoppe.
 20130 | Orc:2    | Bought a glowing cloak for 277 gold pieces
 20152 | Orc:2    | Found a roughly hewn altar of Beogh.
 20178 | Orc:2    | Found Siogiowe's Magic Scroll Shoppe.
 20178 | Orc:2    | Found Axatiu Laym's Weapon Boutique.
 20178 | Orc:2    | Paralysed by an orc sorcerer for 7 turns
 20239 | Orc:2    | Reached skill level 10 in Transmutations
 20754 | Orc:2    | Found a staircase to the Elven Halls.
 20963 | Lair:1   | Entered Level 1 of the Lair of Beasts
 21769 | Lair:2   | Found a basalt altar of Yredelemnul.
 21783 | Lair:2   | Learned a level 3 spell: Mephitic Cloud
 21853 | Lair:2   | Reached skill level 15 in Unarmed Combat
 22065 | Lair:2   | Found a staircase to the Shoals.
 22607 | Lair:2   | You fall through a shaft!
 22608 | Lair:3   | Noticed Sonja
 22637 | Lair:3   | Killed Sonja
 22637 | Lair:3   | Reached skill level 10 in Spellcasting
 23621 | Lair:4   | Found a staircase to the Snake Pit.
 23716 | Lair:4   | Reached skill level 5 in Shields
 23823 | Lair:4   | Reached XP level 15. HP: 22/115 MP: 29/29
 24244 | Lair:4   | Noticed Vuydghur's ghost (adept DrCj)
 24716 | Lair:4   | Found a runed translucent gate.
 24716 | Lair:4   | Found a runed translucent gate.
 24716 | Lair:4   | Found a runed translucent gate.
 25293 | Lair:5   | Noticed Nessos
 25298 | Lair:5   | Killed Nessos
 26205 | Lair:6   | Entered Level 6 of the Lair of Beasts
 26526 | Lair:6   | Found a staircase to the Slime Pits.
 26541 | Lair:6   | Reached skill level 1 in Air Magic
 26798 | Lair:6   | Learned a level 3 spell: Regeneration
 26931 | Lair:6   | Reached skill level 16 in Unarmed Combat
 28552 | Snake:1  | Entered Level 1 of the Snake Pit
 28587 | Snake:1  | Reached skill level 1 in Conjurations
 29784 | Snake:1  | Found a shattered altar of Ashenzari.
 29785 | Snake:1  | Noticed Rupert
 29787 | Snake:1  | Paralysed by Rupert for 2 turns
 29797 | Snake:1  | Killed Rupert
 30022 | Snake:2  | Reached XP level 16. HP: 112/122 MP: 30/30
 30101 | Snake:2  | Noticed Agnes
 30301 | Snake:2  | Noticed Aizul
 30407 | Shoals:1 | Entered Level 1 of the Shoals
 30408 | Shoals:1 | Upgraded the game from 0.24-a0-181-gd121a6d to
                  | 0.24-a0-183-g8902462
 31010 | Shoals:1 | Noticed Kirke
 31021 | Shoals:1 | Killed Kirke
 31021 | Shoals:1 | Reached skill level 5 in Evocations
 31860 | Shoals:2 | Reached skill level 17 in Unarmed Combat
 31959 | Shoals:2 | Found Qioniefi's Distillery.
 31990 | Shoals:2 | Bought a potion of cancellation for 104 gold pieces
 32907 | Shoals:3 | Learned a level 5 spell: Yara's Violent Unravelling
 33594 | Shoals:3 | Found Atupe's Distillery.
 33650 | Shoals:3 | Bought a potion of resistance for 130 gold pieces
 33650 | Shoals:3 | Bought a potion of cancellation for 104 gold pieces
 33875 | Shoals:3 | Mangled by an alligator snapping turtle

Levels and vault maps discovered:
D:1:      elethiomel_arrival_maze, layout_loops_ring, serial_bayou_lagoon_a
D:2:      layout_basic, nicolae_overflow_crystal_walls, old_standard_altar,
          nicolae_overflow_hidden_temple, hangedman_ru_absence
D:3:      layout_basic, chequers_temple_overflow_minitemple, kennysheep_boxes,
          uniq_robin
D:4:      layout_basic, vehumet_crystals, trog_wizard, uniq_sigmund
D:5:      layout_loops_cross, minmay_temple_entry_gardened_gates, first_ration
D:6:      layout_basic, chequers_serial_rivers_micro_e, nicolae_elemental_shop,
          minivault_22, grunt_ministairs_11, serial_bayou_pond_e, uniq_edmund,
          uniq_grinder
D:7:      layout_loops_ring
D:8:      layout_loops_ring, lemuel_doored_altar, enter_bailey_2
D:9:      layout_basic, tso_oasis_becter, uniq_psyche
D:10:     minmay_the_grid_4x2 [minmay_the_grid_plusring, minmay_the_grid_slots,
          minmay_the_grid_holed_spiral, minmay_the_grid_empty,
          minmay_the_grid_garden, minmay_the_grid_armoury,
          minmay_the_grid_tri_star,
          minmay_the_grid_prize_four_corners_diamond_b], layout_loops_corners,
          david_lair_shrubbed, basic_altar, serial_shops, shop
D:11:     layout_basic, orc_0_dummy, basic_altar
D:12:     layout_loops_corners, grunt_livestock, roderic_serpentine_path,
          minmay_joined_circles
D:13:     layout_gridville, ebering_ghost_funeral_grove, nooodl_orcs_dogs
Lair:1:   layout_roguey [special_room_bee], lemuel_old_faithful
Lair:2:   layout_small_grid, minmay_shoals_entry_lonely_mermaid, basic_altar,
          grunt_megastairs_1, minmay_lair_oklob_chamber
Lair:3:   layout_long_grid, grunt_megastairs_5, uniq_sonja
Lair:4:   layout_long_grid, minmay_snake_entry_guardpost_small,
          maelrawn_ghost_gauntlet_escape, enter_volcano_3,
          cheibrodos_lair_lostbears
Lair:5:   layout_small_grid, serial_bayou_shore_b, grunt_megastairs_2,
          uniq_nessos
Lair:6:   grunt_lair_end_beastmaster, layout_regular_city,
          minmay_slime_entry_pillars, lemuel_fruit_fields,
          infiniplex_staircase_pool
Shoals:1: layout_shoals, uniq_kirke
Shoals:2: layout_shoals, serial_shops, nicolae_shop_statue_plus, abandoned_shop
Shoals:3: layout_shoals, serial_shops, nicolae_shop_stone
Snake:1:  layout_misc_corridors, basic_altar, grunt_ministairs_3, uniq_rupert
Snake:2:  layout_layer_cave, serial_shops, shop, uniq_aizul, uniq_vashnia,
          uniq_agnes
Orc:1:    layout_diamond_mine, portal_ice_cave_rime, basic_altar
Orc:2:    st_orc_town, layout_caves
Bailey:   bailey_axe_minmay_hex_keep, bailey
IceCv:    ice_cave_tombish

Skill      XL: |  1  2  3  4  5  6  7  8  9 10 11 12 13 14 15 16 |
---------------+-------------------------------------------------+-----
Dodging        | 2 3 4 5 6 7 8 9 |  9.8
Stealth        | 1 3 |  3.6
Unarmed Combat | 4 5 7 9 11 12 13 15 16 17 | 17.3
Poison Magic   | 1 2 3 4 |  4.6
Spellcasting   | 3 5 6 7 8 10 | 10.2
Transmutations | 3 4 6 7 8 10 | 10.4
Fighting       | 2 3 4 5 6 |  6.1
Ice Magic      | 2 3 5 6 |  6.6
Evocations     | 1 2 3 4 6 |  6.3
Throwing       | 1 2 3 |  3.7
Shields        | 1 2 4 5 7 8 |  8.7
Earth Magic    | 1 2 |  2.5
Invocations    | 2 3 4 |  4.2
Air Magic      | 1 |  1.7
Conjurations   | 1 |  1.1
Charms         | |  0.3
Necromancy     | |  0.5

Action                   |  1- 3 |  4- 6 |  7- 9 | 10-12 | 13-15 | 16-18 || total
-------------------------+-------+-------+-------+-------+-------+-------++-------
Melee: Unarmed           |   122 |   171 |   361 |   257 |  1310 |   356 ||  2577
       Tailslap          |    11 |     9 |    35 |    26 |   285 |   106 ||   472
       Headbutt          |     2 |       |       |       |   380 |   129 ||   511
       Kick              |     2 |       |       |       |       |       ||     2
       Punch             |     1 |       |     9 |     9 |       |       ||    19
 Fire: Blowgun           |       |       |       |       |     5 |       ||     5
Throw: Throwing net      |       |       |     1 |       |       |     1 ||     2
       Tomahawk          |       |       |       |       |       |    36 ||    36
 Cast: Beastly Appendage |     8 |       |       |       |       |       ||     8
       Spider Form       |     3 |    14 |    22 |    10 |    11 |     1 ||    61
       Sticks to Snakes  |       |       |     5 |       |    15 |     9 ||    29
       Ice Form          |       |       |     1 |     7 |    15 |       ||    23
       Mephitic Cloud    |       |       |       |       |    16 |     9 ||    25
       Regeneration      |       |       |       |       |     1 |     7 ||     8
       Petrify           |       |       |       |       |       |     2 ||     2
Invok: Slouch            |       |       |       |       |    10 |     3 ||    13
 Abil: Breathe Noxious F |       |       |     7 |     3 |    25 |    11 ||    46
       End Transformatio |       |       |     1 |       |     1 |     1 ||     3
       Evoke Invisibilit |       |       |       |       |       |     3 ||     3
Evoke: Wand              |       |     2 |    19 |     1 |    21 |    12 ||    55
       Phial of floods   |       |       |       |       |     1 |       ||     1
       Lamp of fire      |       |       |       |       |       |     1 ||     1
  Use: Potion            |       |     2 |     2 |     6 |     2 |       ||    12
       Scroll            |       |     2 |    11 |     3 |    17 |     2 ||    35
 Stab: Sleeping          |     2 |     2 |     6 |     6 |    38 |     7 ||    61
       Paralysed         |       |     1 |     4 |       |     2 |       ||     7
       Confused          |       |       |    12 |     3 |    30 |     4 ||    49
       Distracted        |       |       |       |     1 |     4 |     3 ||     8
       Invisible         |       |       |       |       |     1 |    16 ||    17
       Petrified         |       |       |       |       |       |     3 ||     3
       Petrifying        |       |       |       |       |       |     1 ||     1
  Eat: Chunk             |     4 |     8 |     9 |     5 |    29 |     8 ||    63
       Ration            |       |     1 |       |     1 |     2 |       ||     4
Armor: Skin              |    30 |    27 |    35 |    27 |   207 |    29 ||   355
Dodge: Dodged            |    70 |   132 |   262 |   223 |   968 |   147 ||  1802
Block: Buckler           |       |       |       |       |    66 |       ||    66
       Shield            |       |       |       |       |   581 |   237 ||   818

Table legend:
 A = Non-vault XP
 B = Vault XP
 C = Vault XP percentage of total XP
 D = Non-vault monster count
 E = Vault monster count
 F = Vault count percentage of total count
                 A         B        C        D         E       F
            +---------+---------+-------+---------+---------+-------
      Total |  111113 |   50752 |  31.4 |     590 |     297 |  33.5
            +---------+---------+-------+---------+---------+-------
        D:1 |      38 |       0 |   0.0 |      20 |       0 |   0.0
        D:2 |      63 |       0 |   0.0 |      14 |       0 |   0.0
        D:3 |      79 |      34 |  30.1 |      18 |      11 |  37.9
        D:4 |     182 |       0 |   0.0 |      10 |       0 |   0.0
        D:5 |     943 |       0 |   0.0 |      23 |       0 |   0.0
        D:6 |    1090 |     575 |  34.5 |      25 |       4 |  13.8
        D:7 |     383 |       0 |   0.0 |      13 |       0 |   0.0
        D:8 |    1466 |       0 |   0.0 |      22 |       0 |   0.0
        D:9 |    1515 |     454 |  23.1 |      21 |       1 |   4.5
       D:10 |    2102 |    6148 |  74.5 |      24 |      26 |  52.0
       D:11 |    7647 |       0 |   0.0 |      50 |       0 |   0.0
       D:12 |    4572 |    4884 |  51.6 |      23 |      21 |  47.7
       D:13 |    4114 |    1086 |  20.9 |      22 |      12 |  35.3
     Lair:1 |    1793 |    1845 |  50.7 |       9 |      26 |  74.3
     Lair:2 |    4041 |    1189 |  22.7 |      18 |       3 |  14.3
     Lair:3 |    1623 |     724 |  30.8 |       7 |       2 |  22.2
     Lair:4 |    5083 |    2426 |  32.3 |      18 |      11 |  37.9
     Lair:5 |    7435 |    1873 |  20.1 |      30 |       4 |  11.8
     Lair:6 |   11126 |    8704 |  43.9 |      48 |      22 |  31.4
   Shoals:1 |    8729 |    2247 |  20.5 |      20 |       2 |   9.1
   Shoals:2 |   10415 |       0 |   0.0 |      23 |       0 |   0.0
   Shoals:3 |   18599 |       0 |   0.0 |      41 |       0 |   0.0
    Snake:1 |   12628 |    3505 |  21.7 |      25 |       3 |  10.7
    Snake:2 |    1113 |       0 |   0.0 |       3 |       0 |   0.0
      Orc:1 |    2543 |     695 |  21.5 |      29 |       2 |   6.5
      Orc:2 |    1791 |    5342 |  74.9 |      34 |      57 |  62.6
     Bailey |       0 |    4378 | 100.0 |       0 |      69 | 100.0
      IceCv |       0 |    4643 | 100.0 |       0 |      21 | 100.0
            +---------+---------+-------+---------+---------+-------
